 Dungeon Crawl Stone Soup version 0.29-a0-323-g050149af67 (webtiles) character file.

Game seed: 2429890264188471397

3170 spaghetti the Nimble (level 9, -2/61 HPs)
             Began as an Octopode Conjurer on Apr 10, 2022.
             Was an Elder of Zin.
             Slain by a steam dragon (4 damage)
             ... on level 7 of the Dungeon.
             The game lasted 00:13:35 (9177 turns).

spaghetti the Nimble (Octopode Conjurer)            Turns: 9177, Time: 00:13:35

Health: -2/61      AC:  1    Str:  7    XL:     9   Next: 94%
Magic:  15/19      EV: 15    Int: 38    God:    Zin [****..]
Gold:   113        SH:  0    Dex: 11    Spells: 11/22 levels left

rFire   . . .      SeeInvis .   g - +0 dagger {short}
rCold   . . .      Faith    .   (no shield)
rNeg    . . .      Spirit   .   (helmet restricted)
rPois   ∞          Reflect  .   (no amulet)
rElec   .          Harm     .   w - +6 ring of intelligence
rCorr   .          Rampage  .   C - ring of willpower
Will    +....                   F - +6 ring of intelligence
Stlth   +++.......              (no ring)
HPRegen 0.20/turn               (no ring)
MPRegen 0.16/turn               (no ring)
                                (no ring)
                                (no ring)

@: vitalised
A: almost no armour, amphibious, 8 rings, camouflage 1, gelatinous body 1,
(nimble swimmer 1), tentacles
a: Renounce Religion, Recite, Vitalisation, Imprison, Donate Gold


You were on level 7 of the Dungeon.
You worshipped Zin.
Zin was greatly pleased with you.
You visited 2 branches of the dungeon, and saw 8 of its levels.

You collected 308 gold pieces.
You spent 165 gold pieces at shops.
You donated 30 gold pieces to Zin.


Innate Abilities, Weirdness & Mutations

You cannot wear most types of armour.
You are amphibious.
You can wear up to eight rings at the same time.
Your skin changes colour to match your surroundings (Stealth+).
Your rubbery body absorbs attacks. (AC +1, EV +1)
((You are camouflaged when in or above water. (Stealth+)))
You have tentacles for arms and can constrict up to eight enemies at once.


   Skills:
 - Level 5.0 Fighting
 + Level 8.1 Dodging
 - Level 2.6 Stealth
 - Level 7.0 Spellcasting
 - Level 6.4 Conjurations
 - Level 4.0 Translocations


You had 11 spell levels left.
You knew the following spells:

 Your Spells              Type           Power      Damage    Failure   Level
a - Magic Dart            Conj           100%       1d8       1%          1
b - Searing Ray           Conj           100%       2d8       1%          2
c - Fulminant Prism       Conj/Hex       18%        3d11      8%          4
d - Iskenderun's Mystic   Conj/Tloc      52%        2d11      3%          4

Your spell library contained the following spells:

 Spells                   Type           Power      Damage    Failure   Level
 Dazzling Flash           Conj/Hex       74%        N/A       2%          3
 Corpse Rot               Necr/Air       26%        N/A       4%          2
 Poisonous Vapours        Pois/Air       26%        N/A       4%          2
 Confusing Touch          Hex            13%        N/A       9%          3
 Yara's Violent Unravell  Hex/Tmut       6%         3d5       58%         5
 Enfeeble                 Hex            6%         N/A       100%        7

Inventory:

Hand Weapons
 d - a +2 scimitar of freezing {long}
   (You took it off a wight on level 7 of the Dungeon)
 g - a +0 dagger (weapon) {short}
   (You took it off a goblin on level 1 of the Dungeon)
 h - a +0 club {mace}
   (You took it off a goblin on level 1 of the Dungeon)
 k - a +0 dagger {short}
   (You took it off a goblin on level 1 of the Dungeon)
 t - a +3 dagger {short}
   (You found it on level 2 of the Dungeon)
 x - a +2 flail of holy wrath {mace}
   (You took it off an orc on level 4 of the Dungeon)
Missiles
 b - 221 stones {throwing}
 l - a throwing net {=f!fthrowing}
 m - 14 poisoned darts {throwing}
 o - 6 boomerangs {throwing}
Magical Staves
 i - a staff of cold {!astaff}
   (You found it on level 1 of the Dungeon)
Jewellery
 w - a +6 ring of intelligence (left tentacle)
   (You found it on level 3 of the Dungeon)
 C - a ring of willpower (right tentacle)
   (You bought it in a shop on level 6 of the Dungeon)
 F - a +6 ring of intelligence (on tentacle)
   (You found it on level 6 of the Dungeon)
Wands
 p - a wand of mindburst (11)
   (You found it on level 3 of the Dungeon)
Scrolls
 c - a scroll of amnesia
 n - 4 scrolls of magic mapping {!r}
 q - a scroll of noise {!r}
 s - 2 scrolls of vulnerability {!r!r}
 y - a scroll of immolation {!r!r}
 A - a scroll of enchant weapon
 E - a scroll of enchant armour
Potions
 e - 2 potions of might {unknown}
 f - a potion of lignification {unknown}
 j - 3 potions of brilliance {unknown}
 r - 3 potions of ambrosia {unknown}
 u - 2 potions of heal wounds {unknown}
 v - 2 potions of haste {unknown}
 z - a potion of flight {unknown}
 B - a potion of curing {unknown}
 D - 2 potions of invisibility {unknown}

Dungeon Overview and Level Annotations

Branches:
Dungeon (7/15)             Temple (1/1) D:4

Altars:
Ashenzari
Cheibriados
Dithmenos
Elyvilon
Fedhas
Gozag
Hepliaklqana
Kikubaaqudgha
Makhleb
Nemelex Xobeh
Okawaru
Ru
Sif Muna
Trog
Uskayaw
Vehumet
Wu Jian
Xom
Yredelemnul
Zin
The Shining One

Shops:
D:4 ( D:6

* #.#..........###...#.#
#.##.######### ##.##.# #.##.#
#.##[# #.##.# #.##.# #.##.#
###.##.#### #
#.##.##########.........####.#
#.##............###[###......#
#.##..#######..##.#.#.##..####
#..<..#### #.##@#.#)#.##..#
#........# ###.#D#.#.#.##.#
#..#####.# #.#§#.#.#.#.#.# #..#
#.######.#§#.#.#.##.### #..##
#.....#.#.#.#.#.#.#..>####
....####.###.##.#§#.#.#.##.#.....
.............#.# #S#.#.#.#.######
#...#..######## #.#D#.##†#
......## #.#.##..#


You could see a steam dragon (catching breath).


Message History

The magic dart hits the steam dragon but does no damage.
The steam dragon hisses angrily.
The steam dragon breathes steam at you.
The ball of steam hits you!! 😮 HP[-19] MP[-1]
You take 19 damage, and now have 37/61 hp.
MASSIVE DAMAGE!! (PAUSE)
You lost 1 mp, and now have 11/19 mp.
Prince Ribbit comes into view.
Casting: Magic Dart (safe; 1% risk of failure)
Confirm with . or Enter, or press ? or * to list all spells.
Aiming: Searing Ray (safe; 1% risk of failure)
Press: ? - help, Shift-Dir - straight line, f - Prince Ribbit
Aim: Prince Ribbit (wandering, hasn't noticed you, 70% to hit)
The searing ray hits Prince Ribbit!
Prince Ribbit gives a loud, deep croak! (Press . to maintain the ray.)
You hear an angry hiss.
Prince Ribbit closely misses you. 😮 MP[-2]
You lost 2 mp, and now have 9/19 mp.
The searing ray hits Prince Ribbit!
Prince Ribbit hits you!
* * * LOW HITPOINT WARNING * * *
😨 HP[-9] MP[-1]
You take 9 damage, and now have 28/61 hp.
You lost 1 mp, and now have 8/19 mp.
The searing ray hits Prince Ribbit!
The searing ray hits the steam dragon.
Prince Ribbit closely misses you. Prince Ribbit barely misses you.
Unknown command.
The searing ray hits Prince Ribbit!
You kill Prince Ribbit!
Prince Ribbit returns to his original shape as he dies.
The searing ray hits the steam dragon.
You finish channelling your searing ray.
Your Dodging skill increases to level 8! 😨 MP[-1]
You lost 1 mp, and now have 7/19 mp.
Casting: Searing Ray (safe; 1% risk of failure)
Confirm with . or Enter, or press ? or * to list all spells.
Aiming: Searing Ray (safe; 1% risk of failure)
Press: ? - help, Shift-Dir - straight line, f - steam dragon
Aim: a steam dragon (lightly wounded, 83% to hit)
Okay, then.
Okay, then.
Aiming: Imprison (61% risk of failure)
Press: ? - help, Dir - move target, f - steam dragon
Aim: a steam dragon (lightly wounded)
You fail to use your ability.
Okay, then.
Okay, then.
Okay, then.
Zin grants you divine stamina.
The steam dragon barely misses you. x2 😨 MP[-2]
You lost 2 mp, and now have 5/19 mp.
Unknown command.
Okay, then.
Casting: Searing Ray (safe; 1% risk of failure)
Confirm with . or Enter, or press ? or * to list all spells.
You erupt in a blast of force!
The mystic blast hits the steam dragon!
The steam dragon is knocked back by the mystic blast. 😨 HP[+1] MP[-4]
You lost 4 mp, and now have 1/19 mp.
Casting: Iskenderun's Mystic Blast (dangerous; 3% risk of failure)
Confirm with . or Enter, or press ? or * to list all spells.
You don't have enough magic to cast this spell.
Okay, then.
Magic courses through your body. 😨 MP[+18]
Your mp is fully restored (19).
Casting: Iskenderun's Mystic Blast (dangerous; 3% risk of failure)
Confirm with . or Enter, or press ? or * to list all spells.
Aiming: Searing Ray (safe; 1% risk of failure)
Press: ? - help, Shift-Dir - straight line, f/p - steam dragon
Aim: a steam dragon (heavily wounded, 83% to hit)
The searing ray misses the steam dragon. (Press . to maintain the ray.) 😨 MP[-2]
You lost 2 mp, and now have 17/19 mp.
The searing ray misses the steam dragon.
The steam dragon breathes steam at you. The ball of steam misses you.
The searing ray hits the steam dragon!
You are engulfed in a cloud of scalding steam.
* * * LOW HITPOINT WARNING * * *
You hear an angry hiss.
The steam dragon bites you.
* * * LOW HITPOINT WARNING * * *
The steam dragon misses you. 😨 HP[-12] MP[-1]
You take 12 damage, and now have 17/61 hp.
You lost 1 mp, and now have 16/19 mp.
The searing ray hits the steam dragon.
You finish channelling your searing ray.
You are engulfed in a cloud of scalding steam.
* * * LOW HITPOINT WARNING * * *
The steam dragon bites you!
* * * LOW HITPOINT WARNING * * *
The steam dragon claws you.
You die...

Skill      XL: |  1  2  3  4  5  6  7  8  9 |
---------------+----------------------------+-----
Spellcasting   | 3 4 5 7 |  7.0
Conjurations   | 5 6 |  6.4
Translocations | 1 2 4 |  4.0
Fighting       | 5 |  5.0
Dodging        | 3 8 |  8.1
Stealth        | |  2.6

Action                   |  1- 3 |  4- 6 |  7- 9 || total
-------------------------+-------+-------+-------++-------
Melee: Unarmed           |     6 |       |       ||     6
       Tentacles         |     8 |     8 |     8 ||    24
       Constrict         |     7 |    10 |     3 ||    20
       Dagger            |    25 |    37 |    29 ||    91
 Cast: Magic Dart        |    67 |    67 |   106 ||   240
       Iskenderun's Myst |       |     1 |     1 ||     2
       Searing Ray       |       |     2 |    33 ||    35
Invok: Recite            |       |     2 |     6 ||     8
       Vitalisation      |       |       |     1 ||     1
Evoke: Wand              |       |       |     1 ||     1
  Use: Scroll            |     4 |     1 |     5 ||    10
       Potion            |       |     1 |     1 ||     2
Armor: Skin              |     2 |     5 |     4 ||    11
Dodge: Dodged            |    17 |    21 |    68 ||   106

Levels and vault maps discovered:
D:1:      scummos_arrival_simple_crosswalls, layout_basic,
          basic_ecumenical_altar, minmay_pentomino_t2
D:2:      layout_basic, chequers_serial_rivers_micro_d, serial_bayou_pond_e,
          uniq_terence
D:3:      layout_rooms, minmay_diced_spiral
D:4:      kennysheep_six_static_rooms, layout_basic, minmay_temple_entry_tees,
          serial_shops, nicolae_shop_behind_doors, corexii_shack
D:5:      layout_rooms
D:6:      layout_loops_corners, serial_shops, nicolae_shop_overgrown_old_shop,
          nicolae_elevator_lobby_plus
D:7:      minmay_the_grid_octo_triangle [minmay_the_grid_octo_chip,
          minmay_the_grid_octo_prize_single_spiral,
          minmay_the_grid_octo_checkered], layout_loops_ring,
          uniq_prince_ribbit1
Temple:   roderic_octagonal_lattice_temple

Notes
Turn   | Place    | Note
-------+----------+-------------------------------------------
     0 | D:1      | spaghetti the Octopode Conjurer began the quest for the
                  | Orb.
     0 | D:1      | Reached XP level 1. HP: 11/11 MP: 3/3
     0 | D:1      | magus.rc [v1.9.6]
    35 | D:1      | Found a faded altar of an unknown god.
    82 | D:1      | Prayed at the altar of an unknown god.
    82 | D:1      | Became a worshipper of Zin the Law-Giver
    82 | D:1      | Reached * piety under Zin
   261 | D:1      | Reached XP level 2. HP: 17/17 MP: 3/5
   552 | D:1      | Learned a level 2 spell: Searing Ray
   714 | D:1      | Reached XP level 3. HP: 21/21 MP: 4/6
  1081 | D:1      | You pick up a book of Misfortune and begin reading...
  1081 | D:1      | You add the spells Confusing Touch, Yara's Violent
                  | Unravelling and Enfeeble to your library.
  1188 | D:1      | You pick up a book of Vapours and begin reading...
  1188 | D:1      | You add the spells Poisonous Vapours and Corpse Rot to your
                  | library.
  1369 | D:2      | Reached skill level 3 in Spellcasting
  1884 | D:2      | Noticed Terence
  2261 | D:2      | HP: 4/21 [Terence/+0 flail (5)]
  2264 | D:2      | Killed Terence
  2265 | D:2      | Reached XP level 4. HP: 6/27 MP: 7/9
  2586 | D:2      | Learned a level 4 spell: Fulminant Prism
  2741 | D:3      | Reached skill level 4 in Spellcasting
  2741 | D:3      | Reached XP level 5. HP: 19/31 MP: 1/11
  2746 | D:3      | Reached skill level 5 in Conjurations
  3097 | D:3      | Reached ** piety under Zin
  3157 | D:3      | Learned a level 4 spell: Iskenderun's Mystic Blast
  3589 | D:4      | Noticed an ogre
  3597 | D:4      | Killed an ogre
  3598 | D:4      | Reached skill level 1 in Translocations
  3598 | D:4      | Reached XP level 6. HP: 32/36 MP: 5/12
  3896 | D:4      | Noticed a water moccasin
  3901 | D:4      | Killed a water moccasin
  3902 | D:4      | Reached skill level 2 in Translocations
  3974 | D:4      | Reached *** piety under Zin
  3984 | D:4      | Found a staircase to the Ecumenical Temple.
  4009 | D:4      | Reached XP level 7. HP: 20/40 MP: 4/14
  4439 | D:4      | Reached skill level 6 in Conjurations
  4477 | D:4      | Reached skill level 5 in Spellcasting
  4540 | D:4      | Reached skill level 3 in Translocations
  4713 | D:4      | Found Riuqees's Antique Weapon Shoppe.
  4771 | Temple   | Entered the Ecumenical Temple
  5098 | D:5      | Entered Level 5 of the Dungeon
  5610 | D:5      | Reached skill level 4 in Translocations
  5610 | D:5      | Reached XP level 8. HP: 19/46 MP: 8/16
  5924 | D:5      | Reached skill level 6 in Spellcasting
  6266 | D:6      | Found Noxkomac's Assorted Antiques.
  6274 | D:6      | Bought a knobbly bronze ring for 165 gold pieces
  6524 | D:6      | HP: 6/46 [something (6)]
  6526 | D:6      | Reached skill level 7 in Spellcasting
  6526 | D:6      | Reached skill level 1 in Fighting
  6846 | D:6      | Reached skill level 2 in Fighting
  6992 | D:6      | Reached **** piety under Zin
  7177 | D:6      | Reached skill level 3 in Fighting
  7350 | D:6      | Reached skill level 4 in Fighting
  7995 | D:7      | Noticed a wyvern
  7999 | D:7      | Killed a wyvern
  8000 | D:7      | Reached skill level 5 in Fighting
  8000 | D:7      | Reached skill level 3 in Dodging
  8000 | D:7      | Reached XP level 9. HP: 56/61 MP: 13/19
  8124 | D:7      | HP: 11/61 [orc warrior/+0 glaive (20)]
  8405 | D:7      | Reached skill level 4 in Dodging
  8476 | D:7      | Reached skill level 5 in Dodging
  8941 | D:7      | Reached skill level 6 in Dodging
  9100 | D:7      | Reached skill level 7 in Dodging
  9165 | D:7      | Noticed Prince Ribbit
  9169 | D:7      | Killed Prince Ribbit
  9170 | D:7      | Reached skill level 8 in Dodging
  9177 | D:7      | HP: 8/61 [steam dragon] (9)]
  9177 | D:7      | HP: 2/61 [steam dragon (7)]
  9177 | D:7      | Slain by a steam dragon

Vanquished Creatures
  Prince Ribbit (D:7)
  A wyvern (D:7)
  A wraith (D:7)
  3 water moccasins
  An orc warrior (D:7)
  3 sky beasts
  3 black bears
  An ice beast (D:6)
  2 ogres
  2 phantoms
  3 centaurs
  4 necrophages
  A scorpion (D:7)
  5 wights (D:7)
  2 howler monkeys
  A hound (D:7)
  An orc priest (D:3)
  2 jellies
  Terence (D:2)
  4 iguanas
  5 adders
  A white imp (D:7)
  A dart slug (D:1)
  5 worms
  18 orcs
  6 endoplasms
  7 giant cockroaches
  5 goblins
  A hobgoblin (D:1)
  12 jackals
  6 quokkas
  6 ball pythons
  8 bats
  5 frilled lizards
  6 kobolds
  5 rats
139 creatures vanquished.

Vanquished Creatures (others)
  A wight (D:7)
  A plant (D:2)
2 creatures vanquished.

Grand Total: 141 creatures vanquished

Table legend:
 A = Non-vault XP
 B = Vault XP
 C = Vault XP percentage of total XP
 D = Non-vault monster count
 E = Vault monster count
 F = Vault count percentage of total count
                 A         B        C        D         E       F
            +---------+---------+-------+---------+---------+-------
      Total |    3457 |    1072 |  23.7 |     121 |      19 |  13.6
            +---------+---------+-------+---------+---------+-------
        D:1 |      52 |       2 |   3.7 |      29 |       1 |   3.3
        D:2 |      26 |      36 |  58.1 |      13 |       1 |   7.1
        D:3 |      93 |       3 |   3.1 |      25 |       2 |   7.4
        D:4 |     636 |      27 |   4.1 |      21 |       7 |  25.0
        D:5 |     514 |       0 |   0.0 |      10 |       0 |   0.0
        D:6 |     957 |       0 |   0.0 |      10 |       0 |   0.0
        D:7 |    1179 |    1004 |  46.0 |      13 |       8 |  38.1
            +---------+---------+-------+---------+---------+-------

Illustrated notes

Table legend:
 A = Kills in this place as a percentage of kills in entire the game.
 B = Kills by you in this place as a percentage of kills by you in the entire game.
 C = Kills by friends in this place as a percentage of kills by friends in the entire game.
 D = Other kills in this place as a percentage of other kills in the entire game.
 E = Experience gained in this place as a percentage of experience gained in the entire game.
 F = Experience gained in this place divided by the number of levels of this place that you have seen.
                   A       B       C       D       E      F
               +-------+-------+-------+-------+-------+----------------------
         Total | 100.0 | 100.0 |   N/A | 100.0 | 100.0 | 566.1
       Dungeon | 100.0 | 100.0 |   N/A | 100.0 | 100.0 | 647.0
               +-------+-------+-------+-------+-------+----------------------

Table legend: (Time is in decaauts)
 A = Elapsed time spent in this place.
 B = Non-inter-level travel time spent in this place.
 C = Inter-level travel time spent in this place.
 D = Time resting spent in this place.
 E = Time spent auto-exploring this place.
 F = Levels seen in this place.
 G = Mean time per level.
                   A        B        C        D        E       F      G
               +--------+--------+--------+--------+--------+-----+--------+
         Total |   9176 |   8924 |    252 |   2735 |   5320 |   8 | 1147.0 |
       Dungeon |   8883 |   8647 |    236 |   2735 |   5063 |   7 | 1269.0 |
        Temple |    293 |    278 |     15 |      0 |    257 |   1 |  293.0 |
               +--------+--------+--------+--------+--------+-----+--------+

Top non-repeatable levels by time:
     D:6: 2088 daAuts
     D:4: 1454 daAuts
     D:1: 1370 daAuts
     D:2: 1227 daAuts
     D:5: 1021 daAuts
     D:7: 968 daAuts
     D:3: 752 daAuts
  Temple: 293 daAuts
